AoeStats
← Jack Sparrow

Nomad

510311335Analyzed
4v4 RM · 1d ago on Sep 30, 2026· 32m 29s· 8 players
Game mode
Random Map
Map size
231×231
Population
200
Speed
Normal
Resources
Standard
Victory
Conquest
Starting age
Dark Age
Ending age
Imperial Age
RankedLock teamsTeams togetherTeam positionsShared explorationLock speedFull tech treeHidden civsTurbo modeCheats
Victory
Defeat
🇨🇳 Danes · China
1045
+16
🇨🇳 Teutons · China
1045
+16
🇨🇳 Danes · China
1036
+16
🇨🇳 Burgundians · China
1029
+17
1069
-17
🇨🇿 Persians · Czechia
1066
-17
🇹🇷 Huns · Türkiye
1044
-16
🇵🇹 Romans · Portugal
1011
-15
Enrique
5:03 Loom
12:45 Feudal Age
13:28 Double-Bit Axe
13:59 Arson
13:47 Man-at-Arms
15:10 Arson
15:33 Fishing Lines
16:42 Forging
19:10 Horse Collar
22:46 Castle Age
21:54 Town Watch
22:02 Stone Mining
23:49 Scale Mail Armor
24:35 Gillnets
25:42 Iron Casting
25:28 Chain Mail Armor
27:50 Wheelbarrow
28:05 Squires
31:16 Bow Saw
32:33 Iron Casting
32:25 Gold Mining
130农在出兵
13:54 Feudal Age
14:24 Loom
17:33 Double-Bit Axe
21:25 Wheelbarrow
24:04 Stone Mining
26:15 Castle Age
24:08 Man-at-Arms
25:50 Bloodlines
26:01 Gold Mining
25:58 Fishing Lines
29:31 Padded Archer Armor
29:24 Fletching
31:01 Hand Cart
32:07 Scale Mail Armor
32:15 Scale Barding Armor
32:20 Forging
Salkeliet
4:31 Loom
5:13 Loom
15:24 Feudal Age
17:15 Gold Mining
21:49 Castle Age
20:59 Horse Collar
21:34 Fishing Lines
21:48 Arson
22:05 Scale Mail Armor
22:18 Forging
22:19 Double-Bit Axe
24:50 Chain Mail Armor
27:04 Iron Casting
27:25 Wheelbarrow
27:15 Squires
28:03 Gambesons
29:12 Hand Cart
30:27 Bow Saw
31:48 Town Watch
钢的根
12:07 Loom
14:28 Feudal Age
12:48 Fishing Lines
15:07 Fishing Lines
17:53 Double-Bit Axe
20:49 Stone Mining
20:44 Horse Collar
23:51 Castle Age
32:11 Forging
31:59 Gold Mining
32:46 Scale Mail Armor
Teror
15:32 Feudal Age
16:13 Double-Bit Axe
16:21 Gold Mining
16:53 Man-at-Arms
18:12 Loom
21:00 Stone Mining
22:38 Horse Collar
Jack Sparrow
6:57 Loom
18:35 Feudal Age
22:17 Castle Age
21:08 Forging
21:04 Scale Barding Armor
20:59 Stone Mining
21:26 Bloodlines
24:15 Husbandry
27:05 Medium Warships
28:28 Light Cavalry
My credit card number: 465687642
17:01 Feudal Age
17:37 Double-Bit Axe
18:56 Domestication
25:12 Castle Age
23:04 Man-at-Arms
23:50 Scale Mail Armor
24:57 Forging
25:43 Stone Mining
25:46 Long Swordsman
27:26 Gambesons
!
5:33 Loom
13:45 Feudal Age
17:51 Fletching
Connection lost

Rejoining the realm…

Still unreachable

The connection could not be restored.

Session expired

The server has moved on; the page needs a fresh start.